 Dungeon Crawl Stone Soup version 0.20-a0-1122-gb7cbeb9 (webtiles) character file.

11539 Gorglomux the Fighter (level 11, -3/99 HPs)
             Began as a Green Draconian Air Elementalist on May 13, 2017.
             Was a High Priest of Makhleb.
             Killed from afar by a gargoyle (14 damage)
             ... with a stone arrow
             ... on level 12 of the Dungeon.
             The game lasted 00:42:05 (13090 turns).

Gorglomux the Fighter (DrAE)                       Turns: 13090, Time: 00:42:06

Health: -3/99      AC: 13    Str: 13    XL:     11   Next: 50%
Magic:  2/16       EV: 17    Int: 18    God:    Makhleb [*****.]
Gold:   462        SH:  0    Dex: 13    Spells: 0/17 levels left

rFire    . . .     SeeInvis .   t - +1 falchion (holy)
rCold    . . .     Gourm    +   (no shield)
rNeg     . . .     Faith    .   (armour unavailable)
rPois    +         Spirit   .   (helmet restricted)
rElec    .         Reflect  .   (no cloak)
rCorr    .         Harm     .   s - +0 pair of gloves
MR       .....                  R - +1 pair of boots {Fly}
Stlth    ++........             O - amulet "Feech" {Gourm Str+3 Slay+3}
Regen    0.3/turn               e - +3 ring of protection
MPRegen  0.2/turn               K - ring of wizardry {Wiz+, !d}

@: flying, very slightly contaminated
A: breathe noxious fumes, unfitting armour, poison resistance, cold-blooded, AC
+7
a: Breathe Noxious Fumes, Minor Destruction, Lesser Servant of Makhleb, Major
Destruction, Greater Servant of Makhleb, Renounce Religion, Stop Flying


You were on level 12 of the Dungeon.
You worshipped Makhleb.
Makhleb was extremely pleased with you.
You were very full.

You visited 1 branch of the dungeon, and saw 12 of its levels.

You collected 664 gold pieces.
You spent 202 gold pieces at shops.

Inventory:

Hand Weapons
 t - a +1 falchion of holy wrath (weapon)
   (You took it off an orc on level 2 of the Dungeon)
 G - a +1 scimitar
   (You took it off a wight on level 6 of the Dungeon)
Missiles
 g - 9 tomahawks (quivered)
Armour
 s - a +0 pair of gloves (worn)
   (You found it on level 2 of the Dungeon)
 R - a +1 pair of boots of flying (worn)
   (You bought it in a shop on level 10 of the Dungeon)
Jewellery
 e - a +3 ring of protection (left hand)
   (You found it on level 7 of the Dungeon)
 E - an uncursed ring of stealth {Stlth+}
   (You found it on level 5 of the Dungeon)
 K - a ring of wizardry (right hand) {Wiz+, !d}
   (You found it on level 8 of the Dungeon)
 O - the amulet "Feech" (around neck) {Gourm Str+3 Slay+3}
   (You took it off a wight on level 9 of the Dungeon)

   [amulet of the gourmand]

   It allows you to eat raw meat even when not hungry.
   It affects your strength (+3).
   It affects your accuracy and damage with ranged weapons and melee attacks
   (+3).
Wands
 h - a wand of polymorph (7/24)
   (You found it on level 9 of the Dungeon)
 D - a wand of random effects (7/48)
   (You found it on level 8 of the Dungeon)
 H - a wand of lightning (4/15)
   (You found it on level 6 of the Dungeon)
 M - a wand of lightning (6/15)
   (You found it on level 9 of the Dungeon)
 N - a wand of digging (9/24)
   (You found it on level 9 of the Dungeon)
 P - a wand of enslavement (16/24)
   (You took it off a wight on level 10 of the Dungeon)
 S - a wand of paralysis (7/24)
   (You found it on level 11 of the Dungeon)
 V - a wand of digging (3/24)
   (You found it on level 11 of the Dungeon)
Scrolls
 c - 8 scrolls of amnesia
 i - 2 scrolls of blinking {!r}
 n - 2 scrolls of magic mapping {unknown}
 p - 2 scrolls of remove curse {unknown}
 u - 2 scrolls of immolation {!r}
 v - a scroll of identify
 w - a scroll of noise {unknown}
 x - a scroll of acquirement {unknown}
 y - a scroll of fog {unknown}
 B - 2 scrolls of teleportation {unknown}
 F - 3 scrolls of enchant weapon
 Q - a scroll of recharging {unknown}
 U - a scroll of silence {unknown}
 W - a scroll of fear
Potions
 f - a potion of heal wounds
 j - 7 potions of curing
 k - 2 potions of resistance
 l - 4 potions of magic
 m - 2 potions of haste
 q - 3 potions of flight {unknown}
 z - 3 potions of brilliance
 A - a potion of mutation {!q}
 C - a potion of ambrosia
 I - 2 potions of lignification {!q}
 J - 2 potions of berserk rage {unknown}
Books
 a - a book of Air
 L - a book of Clouds
   (You found it on level 9 of the Dungeon)
 T - a book of Minor Magic
   (You found it on level 11 of the Dungeon)
 X - a book of Misfortune
   (You found it on level 11 of the Dungeon)
Comestibles
 b - 6 bread rations {@e1@e1}
 d - 4 fruits
 o - 2 royal jellies
 r - 3 meat rations {@e2@e2}
 Y - 24 chunks of flesh {@w0@w0}


   Skills:
 - Level 9.7 Fighting
 + Level 9.5 Long Blades
 - Level 8.2 Dodging
 - Level 1.7 Stealth
 - Level 3.8 Spellcasting
 - Level 5.0 Conjurations
 - Level 4.4 Air Magic
 - Level 7.3 Invocations


You couldn't memorise any spells.
You knew the following spells:

 Your Spells              Type           Power        Failure   Level  Hunger
a - Shock                 Conj/Air       ###.         1%          1    None
b - Static Discharge      Conj/Air       ###.....     2%          3    ###....
c - Freezing Cloud        Conj/Ice/Air   ##........   91%         6    #######
s - Swiftness             Chrm/Air       ##......     3%          2    ##.....
x - Lightning Bolt        Conj/Air       ###.......   24%         5    ######.


Dungeon Overview and Level Annotations

Branches:
Dungeon (12/15)            Temple (0/1) D:4            Lair (0/6) D:10
    Orc: D:9-12

Altars:
Ashenzari
Makhleb
Nemelex Xobeh
Yredelemnul

Shops:
D:10 [   D:12 }

Annotations:
D:7 exclusion: ice statue


Innate Abilities, Weirdness & Mutations

You can breathe blasts of noxious fumes.
Your lurid green scales are hard. (AC +7)
You cannot fit into any form of body armour.
Your system is resistant to poisons. (rPois)
You are cold-blooded and may be slowed by cold attacks.


Message History

A gargoyle comes into view. It is wielding a flail.
The gargoyle hurls a stone arrow at you.
The stone arrow misses you.
Found a scroll labeled RUCKEU YSTROLIE and a leather armour.
Found a stone staircase leading down.
There is an open door here.
You hit the gargoyle but do no damage.
The gargoyle hurls a stone arrow at you.
The stone arrow hits you!
You take 10 damage, and have 89/99 hp.
You barely miss the gargoyle.
The gargoyle hits you but does no damage.
You barely miss the gargoyle. The gargoyle hits you with a flail.
You hit the gargoyle but do no damage.
You tail-slap the gargoyle, but do no damage.
You hit the gargoyle but do no damage. The gargoyle closely misses you.
You hit the gargoyle but do no damage.
You tail-slap the gargoyle, but do no damage.
The gargoyle barely misses you.
You hit the gargoyle but do no damage. You hit the gargoyle but do no damage.
The gargoyle hits you with a flail!
You take 12 damage, and have 77/99 hp.
You hit the gargoyle but do no damage.
The gargoyle hurls a stone arrow at you.
The stone arrow hits you!
You take 6 damage, and have 71/99 hp.
You hit the gargoyle but do no damage.
You tail-slap the gargoyle, but do no damage.
MP restored: 16 You hit the gargoyle but do no damage.
Your tail-slap misses the gargoyle.
The gargoyle misses you.
You riposte.
You hit the gargoyle but do no damage. You hit the gargoyle but do no damage.
The gargoyle hurls a stone arrow at you.
The stone arrow misses you.
You hit the gargoyle.
The gargoyle hurls a stone arrow at you.
The stone arrow misses you.
You hit the gargoyle but do no damage. You hit the gargoyle but do no damage.
The gargoyle barely misses you.
You hit the gargoyle but do no damage. The gargoyle hits you with a flail!
You take 10 damage, and have 62/99 hp.
You hit the gargoyle but do no damage. The gargoyle closely misses you.
You hear a mighty clap of thunder!
The bolt of lightning hits the gargoyle.
The gargoyle resists.
The bolt of lightning hits the gargoyle.
The gargoyle resists.
You hear a shout! x2
The gargoyle misses you.
You now have 11/16 mp.
You miscast Lightning Bolt.
You are very lightly contaminated with residual magic.
The air around you crackles with energy!
You now have 6/16 mp.
Here: a gargoyle, wielding a flail (moderately damaged)
The floor.
You hear a mighty clap of thunder!
The bolt of lightning hits the gargoyle.
The gargoyle resists.
The bolt of lightning hits the gargoyle.
The gargoyle resists.
The gargoyle completely misses you.
You now have 1/16 mp.
Aim: a gargoyle, wielding a flail (severely damaged)
The gargoyle is unaffected.
The gargoyle hurls a stone arrow at you.
The stone arrow misses you.
You take 1 damage, and have 63/99 hp.
Aim: a gargoyle, wielding a flail (heavily damaged)
The puff of flame hits the gargoyle.
The gargoyle completely misses you.
You riposte.
You hit the gargoyle but do no damage.
Unknown command.
Aim: a gargoyle, wielding a flail (severely damaged)
The stone arrow hits the gargoyle.
The gargoyle hurls a stone arrow at you.
The stone arrow hits you!
You take 16 damage, and have 47/99 hp.
Unknown command.
Aim: a gargoyle, wielding a flail (severely damaged)
The zap hits the gargoyle.
The gargoyle appears unharmed.
The gargoyle hurls a stone arrow at you.
The stone arrow hits you!
* * * LOW HITPOINT WARNING * * *
Unknown command.
You take 22 damage, and have 25/99 hp.
MASSIVE DAMAGE!!
Aim: a gargoyle, wielding a flail (severely damaged)
The bolt of fire hits the gargoyle.
The gargoyle hits you with a flail.
* * * LOW HITPOINT WARNING * * *
You take 8 damage, and have 17/99 hp.
Unknown command.
Aim: a gargoyle, wielding a flail (severely damaged)
You hear a mighty clap of thunder!
The bolt of lightning hits the gargoyle.
The gargoyle resists.
The bolt of lightning hits the gargoyle.
The gargoyle appears unharmed.
You hear a shout! x2
The gargoyle hurls a stone arrow at you.
The stone arrow hits you!
You die...

#####)).#
#...[)..#
#.....).#
#.......########.
#................
#...(............
#................
###.####..##+#...
#.#....@...#
#.#....9...#
#.....∩..#
######'###
..............#
..............#
..............#
..?..........>#
..............#


You could see a gargoyle.

Vanquished Creatures
  A hydra (D:11)
  5 two-headed ogres
  The ghost of North the Skirmisher, a novice HuWn of Gozag (D:6)
  A hornet (D:10)
  2 hippogriffs (D:7)
  A wyvern (D:8)
  A wraith (D:10)
  6 yaks
  A hungry ghost (D:10)
  An acid dragon (D:10)
  2 hell hounds (D:10)
  Duvessa (D:6)
  An ice beast (D:11)
  A black bear (D:9)
  3 orc warriors (D:10)
  A phantom (D:4)
  2 sky beasts
  A necrophage (D:9)
  An ogre (D:9)
  10 centaurs
  A crocodile (D:11)
  A big kobold (D:9)
  The ghost of Monsterracer the Firebug, an amateur DEFE (D:3)
  7 bullfrogs
  A wyvern zombie (D:10)
  Dowan (D:6)
  8 scorpions
  7 killer bees
  8 wights
  2 howler monkeys
  2 crimson imps
  3 bullfrog zombies
  A quasit (D:10)
  A jelly (D:9)
  A gnoll shaman (D:3)
  5 hounds
  3 orc priests
  10 orc wizards
  4 bullfrog skeletons
  3 iguanas
  A centaur skeleton (D:6)
  4 worker ants
  A worker ant zombie (D:8)
  9 adders
  6 gnolls
  4 shadow imps
  An adder zombie (D:6)
  An adder skeleton (D:5)
  6 worms
  4 dart slugs
  3 leopard geckos
  56 orcs
  2 ball pythons
  5 giant cockroaches
  9 goblins
  15 hobgoblins
  6 jackals
  12 kobolds
  3 quokkas
  7 bats
  5 frilled lizards
  A quokka skeleton (D:4)
  A quokka zombie (D:6)
  8 rats
283 creatures vanquished.

Vanquished Creatures (collateral kills)
  A gargoyle (D:8)
  A bullfrog (D:6)
2 creatures vanquished.

Vanquished Creatures (others)
  A leopard gecko (D:10)
1 creature vanquished.

Grand Total: 286 creatures vanquished

Notes
Turn   | Place    | Note
-------+----------+-------------------------------------------
     0 | D:1      | Gorglomux the Draconian Air Elementalist began the quest for the Orb.
     0 | D:1      | Reached XP level 1. HP: 14/14 MP: 3/3
   290 | D:1      | Reached XP level 2. HP: 20/20 MP: 3/5
   817 | D:1      | Reached skill level 2 in Conjurations
  1399 | D:2      | Reached XP level 3. HP: 21/26 MP: 1/6
  1611 | D:2      | Found a burning altar of Makhleb.
  1627 | D:2      | Reached XP level 4. HP: 24/33 MP: 0/7
  1751 | D:2      | Became a worshipper of Makhleb the Destroyer
  1884 | D:2      | Reached skill level 3 in Conjurations
  2464 | D:2      | Learned a level 3 spell: Static Discharge
  2558 | D:2      | Learned a level 2 spell: Swiftness
  2750 | D:3      | Reached * piety under Makhleb
  2774 | D:3      | Reached skill level 3 in Spellcasting
  2839 | D:3      | Reached XP level 5. HP: 38/38 MP: 7/9
  2871 | D:3      | Noticed Monsterracer's ghost (amateur DEFE)
  2880 | D:3      | Killed Monsterracer's ghost
  2880 | D:3      | Reached skill level 4 in Air Magic
  3181 | D:3      | Reached skill level 4 in Conjurations
  3366 | D:4      | Noticed a phantom
  3371 | D:4      | Reached XP level 6. HP: 45/45 MP: 5/11
  3654 | D:4      | Reached skill level 5 in Conjurations
  3688 | D:4      | Reached ** piety under Makhleb
  3848 | D:4      | Found a staircase to the Ecumenical Temple.
  3907 | D:3      | Reached skill level 2 in Dodging
  3988 | D:3      | Your scales start taking on a lurid green colour.
  3988 | D:3      | Reached XP level 7. HP: 22/51 MP: 1/12
  3988 | D:3      | Gained mutation: Your system is resistant to poisons. (rPois) [Green Draconian growth]
  4134 | D:4      | Reached skill level 1 in Long Blades
  4251 | D:4      | Reached skill level 1 in Fighting
  4251 | D:4      | Reached skill level 1 in Invocations
  4306 | D:4      | Found a shattered altar of Ashenzari.
  4692 | D:4      | Reached skill level 2 in Fighting
  4692 | D:4      | Reached skill level 2 in Long Blades
  4794 | D:5      | Entered Level 5 of the Dungeon
  4903 | D:5      | Reached skill level 2 in Invocations
  5313 | D:6      | Reached skill level 3 in Dodging
  5331 | D:6      | Reached skill level 3 in Invocations
  5331 | D:6      | Reached XP level 8. HP: 46/62 MP: 6/13
  5371 | D:6      | Reached skill level 3 in Fighting
  5374 | D:6      | Reached skill level 3 in Long Blades
  5637 | D:6      | Noticed Duvessa
  5640 | D:6      | Noticed Dowan
  5936 | D:6      | Killed Duvessa
  5943 | D:6      | Reached *** piety under Makhleb
  5966 | D:6      | Reached skill level 4 in Dodging
  5971 | D:6      | Reached skill level 4 in Fighting
  5971 | D:6      | Reached skill level 4 in Invocations
  6096 | D:6      | Killed Dowan
  6157 | D:6      | Reached skill level 4 in Long Blades
  6196 | D:6      | Noticed North's ghost (novice HuWn)
  6370 | D:6      | Killed North's ghost
  6370 | D:6      | Reached skill level 5 in Fighting
  6370 | D:6      | Reached XP level 9. HP: 58/74 MP: 5/14
  7004 | D:7      | Reached skill level 5 in Invocations
  7183 | D:7      | Noticed an ice statue
  7206 | D:7      | Reached skill level 5 in Dodging
  7248 | D:7      | HP: 18/74 [ice beast[an ice statue] (5)]
  7353 | D:7      | HP: 11/74 [ice beast[an ice statue] (9)]
  7416 | D:7      | HP: 16/74 [ice beast[an ice statue] (6)]
  7640 | D:7      | Found a basalt altar of Yredelemnul.
  7716 | D:8      | Found a sparkling altar of Nemelex Xobeh.
  7823 | D:8      | Reached skill level 5 in Long Blades
  8181 | D:8      | Noticed a gargoyle
  8195 | D:8      | Killed a gargoyle
  8482 | D:8      | Reached skill level 6 in Fighting
  8861 | D:8      | Reached skill level 6 in Invocations
  9138 | D:8      | Noticed a two-headed ogre
  9199 | D:8      | Killed a two-headed ogre
  9199 | D:8      | Reached skill level 6 in Long Blades
  9199 | D:8      | Reached skill level 6 in Dodging
  9199 | D:8      | Reached XP level 10. HP: 55/84 MP: 6/15
  9206 | D:8      | Learned a level 5 spell: Lightning Bolt
  9349 | D:9      | Reached skill level 7 in Fighting
  9636 | D:9      | Noticed a two-headed ogre
  9640 | D:9      | Reached **** piety under Makhleb
  9645 | D:9      | Killed a two-headed ogre
  9645 | D:9      | Reached skill level 7 in Invocations
 10405 | D:10     | Entered Level 10 of the Dungeon
 10417 | D:10     | Found a staircase to the Lair.
 10440 | D:10     | Reached skill level 7 in Long Blades
 10469 | D:10     | HP: 16/88 [hell hound/blast of flame (11)]
 10822 | D:10     | Reached skill level 8 in Fighting
 11062 | D:10     | Reached skill level 7 in Dodging
 11076 | D:9      | Got a bound diamond amulet
 11078 | D:9      | Identified the amulet "Feech" {Gourm Str+3 Slay+3} (You took it off a wight on level 9 of the Dungeon)
 11698 | D:10     | Noticed a two-headed ogre
 11718 | D:10     | Killed a two-headed ogre
 11718 | D:10     | Reached skill level 8 in Long Blades
 11718 | D:10     | Reached XP level 11. HP: 70/95 MP: 0/16
 11799 | D:10     | Found Cahutiawk's Antique Armour Emporium.
 11804 | D:10     | Bought a pair of runed boots for 202 gold pieces
 11913 | D:10     | Noticed a two-headed ogre
 11921 | D:10     | Killed a two-headed ogre
 11921 | D:10     | Reached skill level 9 in Fighting
 12206 | D:11     | Reached skill level 8 in Dodging
 12727 | D:11     | Noticed a four-headed hydra
 12734 | D:11     | Killed a four-headed hydra
 12739 | D:11     | Reached ***** piety under Makhleb
 12942 | D:12     | Learned a level 6 spell: Freezing Cloud
 13007 | D:12     | Reached skill level 9 in Long Blades
 13010 | D:12     | Noticed a two-headed ogre
 13027 | D:12     | Killed a two-headed ogre
 13051 | D:12     | Found Zipnuad's Gadget Shop.
 13089 | D:12     | HP: 17/99 [gargoyle/flail (3)]
 13090 | D:12     | Killed from afar by a gargoyle

Vault maps used:
D:1:      dpeg_arrival_refuge
D:2:      makhleb_heckhound_becter, minmay_heptomino_d4
D:3:      first_bread
D:4:      corexii_shack_village, lemuel_crystal_altar,
          minmay_temple_entry_butterflies
D:5:      serial_glass, glass_columns_a, glass_columns_b, glass_columns_a,
          glass_columns_b, glass_columns_a, glass_columns_a, glass_columns_a,
          glass_columns_b
D:6:      minmay_bent, uniq_crazy_yiuf_cottage, uniq_duvessa
D:7:      lemuel_ice_statue, lemuel_coloured_pillars_altar
D:8:      nicolae_overflow_hidden_temple
D:9:      kennysheep_six_static_rooms
D:10:     minmay_lair_entry_lava, serial_shops, nicolae_shop_behind_doors
D:12:     david_orc_4, serial_shops, shop, hangedman_fish_farm

Skill      XL: |  1  2  3  4  5  6  7  8  9 10 11 |
---------------+----------------------------------+-----
Conjurations   | 2 3 4 5 |  5.0
Spellcasting   | 3 |  3.8
Air Magic      | 4 |  4.4
Dodging        | 2 3 4 6 7 8 |  8.2
Long Blades    | 2 4 6 8 9 |  9.5
Fighting       | 2 5 6 8 9 |  9.7
Invocations    | 3 4 6 7 |  7.3
Stealth        | |  1.7

Action                   |  1- 3 |  4- 6 |  7- 9 | 10-12 || total
-------------------------+-------+-------+-------+-------++-------
Melee: Unarmed           |     4 |       |       |       ||     4
       Tailslap          |     1 |     9 |    28 |    49 ||    87
       Whip              |     3 |    32 |       |       ||    35
       Falchion          |       |    57 |   192 |   265 ||   514
Throw: Tomahawk          |     4 |    29 |    58 |    49 ||   140
 Cast: Shock             |    50 |    83 |   132 |    53 ||   318
       Static Discharge  |       |    17 |    31 |    18 ||    66
       Swiftness         |       |       |     2 |       ||     2
       Lightning Bolt    |       |       |       |    14 ||    14
Invok: Minor Destruction |       |     5 |    48 |    73 ||   126
       Lesser Servant of |       |       |     2 |       ||     2
       Major Destruction |       |       |       |     3 ||     3
 Abil: Breathe Noxious F |       |       |    18 |    13 ||    31
  Use: Scroll            |       |     1 |    10 |     4 ||    15
 Stab: Sleeping          |       |     1 |       |       ||     1
       Confused          |       |       |    10 |    12 ||    22
  Eat: Chunk             |     3 |     9 |    20 |    35 ||    67
       Royal jelly       |       |       |     1 |     1 ||     2
Armor: Skin              |     6 |    50 |   108 |    95 ||   259
Dodge: Dodged            |     9 |   110 |   186 |   242 ||   547
       Rpst.: Falchion   |       |    28 |    61 |    65 ||   154

Vault maps used:
D:1:      dpeg_arrival_refuge
D:2:      makhleb_heckhound_becter, minmay_heptomino_d4
D:3:      first_bread
D:4:      corexii_shack_village, lemuel_crystal_altar,
          minmay_temple_entry_butterflies
D:5:      serial_glass, glass_columns_a, glass_columns_b, glass_columns_a,
          glass_columns_b, glass_columns_a, glass_columns_a, glass_columns_a,
          glass_columns_b
D:6:      minmay_bent, uniq_crazy_yiuf_cottage, uniq_duvessa
D:7:      lemuel_ice_statue, lemuel_coloured_pillars_altar
D:8:      nicolae_overflow_hidden_temple
D:9:      kennysheep_six_static_rooms
D:10:     minmay_lair_entry_lava, serial_shops, nicolae_shop_behind_doors
D:12:     david_orc_4, serial_shops, shop, hangedman_fish_farm

Table legend:
 A = Turns spent in this place as a percentage of turns spent in the entire game.
 B = Non-inter-level travel turns spent in this place as a percentage of non-inter-level travel turns spent in the entire game.
 C = Inter-level travel turns spent in this place as a percentage of turns spent in this place.
 D = Turns resting spent in this place as a percentage of non-inter-level travel turns spent in this place.
 E = Turns spent auto-exploring this place as a percentage of non-inter-level travel turns spent in this place.
 F = Non-inter-level travel turns spent in this place divided by the number of levels of this place that you've seen.
                   A       B       C       D       E      F
               +-------+-------+-------+-------+-------+----------------------
         Total | 100.0 | 100.0 |   0.6 |   5.6 |   9.3 | 306.3
       Dungeon | 100.0 | 100.0 |   0.6 |   5.6 |   9.3 | 306.3
               +-------+-------+-------+-------+-------+----------------------

Table legend:
 A = Kills in this place as a percentage of kills in entire the game.
 B = Kills by you in this place as a percentage of kills by you in the entire game.
 C = Kills by friends in this place as a percentage of kills by friends in the entire game.
 D = Other kills in this place as a percentage of other kills in the entire game.
 E = Experience gained in this place as a percentage of experience gained in the entire game.
 F = Experience gained in this place divided by the number of levels of this place that you have seen.
                   A       B       C       D       E      F
               +-------+-------+-------+-------+-------+----------------------
         Total | 100.0 | 100.0 | 100.0 | 100.0 | 100.0 | 1373.8
       Dungeon | 100.0 | 100.0 | 100.0 | 100.0 | 100.0 | 1373.8
               +-------+-------+-------+-------+-------+----------------------
